 Dungeon Crawl Stone Soup version 0.22.1-1-ga44c0e5 (webtiles) character file.

725 sking99 the Firebug (level 7, 0/75 HPs)
             Began as a Black Draconian Fire Elementalist on Oct 13, 2018.
             Was an Initiate of Ashenzari.
             Slain by a killer bee (2 damage)
             ... on level 4 of the Dungeon.
             The game lasted 00:11:50 (5932 turns).

sking99 the Firebug (DrFE)                          Turns: 5932, Time: 00:11:52

Health: 0/75       AC: 26    Str: 10    XL:     7   Next: 43%
Magic:  11/13      EV:  2    Int: 18    God:    Ashenzari [......]
Gold:   236        SH:  0    Dex: 11    Spells: 8/14 levels left

rFire    . . .     SeeInvis .   (no weapon)
rCold    . . .     Gourm    .   (no shield)
rNeg     + + +     Faith    .   (armour unavailable)
rPois    +         Spirit   .   (helmet currently unavailable)
rElec    .         Reflect  .   (cloak currently unavailable)
rCorr    .         Harm     .   (gloves currently unavailable)
MR       .....     NoTele   +   (boots currently unavailable)
Stlth    ++........             (no amulet)
HPRegen  0.22/turn              j - +3 ring of protection (curse)
MPRegen  0.13/turn              (no ring)

@: short of breath, tree-form
A: (breathe lightning), unfitting armour, AC +6
a: Curse Item, Renounce Religion


You were on level 4 of the Dungeon.
You worshipped Ashenzari.
Ashenzari was noncommittal.
You were not hungry.
You were a tree.
You visited 1 branch of the dungeon, and saw 5 of its levels.

You collected 236 gold pieces.

Inventory:

Armour
 c - a +0 pair of gloves (melded)
Jewellery
 j - a cursed +3 ring of protection (left branch)
 n - an uncursed ring of positive energy
 o - a +5 ring of dexterity
Wands
 h - a wand of random effects (22)
 q - a wand of iceblast (9)
 t - a wand of paralysis (15)
Scrolls
 a - 3 scrolls of remove curse
 d - a scroll of enchant weapon
 f - a scroll of amnesia
 l - a scroll of magic mapping {unknown}
 r - a scroll of fear {unknown}
Potions
 e - 2 potions of flight
 i - a potion of agility {unknown}
 m - a potion of degeneration
 p - a potion of brilliance
Comestibles
 b - 6 rations


   Skills:
 + Level 4.0 Dodging
 - Level 2.0 Stealth
 + Level 4.2 Spellcasting
 + Level 4.0 Conjurations
 + Level 5.0 Fire Magic


You had 8 spell levels left.
You knew the following spells:

 Your Spells              Type           Power        Failure   Level  Hunger
a - Flame Tongue          Conj/Fire      ###..        2%          1    None
b - Throw Flame           Conj/Fire      ###...       3%          2    ##.....
c - Conjure Flame         Conj/Fire      ###.....     7%          3    ###....

Your spell library contained the following spells:

 Spells                   Type           Power        Failure   Level  Hunger
 Inner Flame              Hex/Fire       ##......     16%         3    ###....
 Sticky Flame             Conj/Fire      ###.....     22%         4    ####...
 Fireball                 Conj/Fire      ###.......   52%         5    ######.


Dungeon Overview and Level Annotations

Branches:
Dungeon (5/15)
 Temple: D:4-7

Altars:
Ashenzari
Fedhas
Qazlal

Annotations:
D:4 exclusion: upstairs


Innate Abilities, Weirdness & Mutations

((You can breathe wild blasts of lightning.))
((Your glossy black scales are hard. (AC +6)))
You cannot fit into any form of body armour.
((You are resistant to electric shocks. (rElec)))
((You are cold-blooded and may be slowed by cold attacks.))


Message History

* * * LOW HITPOINT WARNING * * *
The killer bee closely misses you. x2; The killer bee completely misses you.
The killer bee stings you.
* * * LOW HITPOINT WARNING * * *
Okay, then.
As you read the scroll of teleportation, it crumbles to dust.
You feel strangely unstable. The killer bee barely misses you.
The killer bee stings you but does no damage.
The killer bee stings you.
* * * LOW HITPOINT WARNING * * *
The killer bee closely misses you. The killer bee misses you.
The killer bee closely misses you.
You turn into a tree.
Your +0 pair of gloves melds into your body.
Your roots penetrate the ground.
You feel strangely stable.
The killer bee stings you but does no damage.
The killer bee stings you.
* * * LOW HITPOINT WARNING * * *
The killer bee stings you.
You die...

#########..............#.##.#.###
............#....#.###.#.##.#.#..
.#.#.###.............#.#..#.#.#.#
.#.#.###.....#.#<......##.#.#...#
.#.#.#.......[<(..........#.#####
##.#.#..............#######.#
#####.....)..##..##.# #.#
....'.......)..y.y..# #.#
....'.##..##)###♣#### #.#
....####..##.###y# #.#
....#..#..##.#.#.# #######.#####
....##.#..#....#.# #............
....#..#..#..#.#.# #####..######
#...##.#..#..#.#.# #........
##..##.#..#..#.#.# #.#.#.###
≈##.#..#..#..#.#.# #.#.#.#
§§####.#..#..#.#.# #.#.#.###


You could see 3 killer bees.

Vanquished Creatures
  Menkaure (D:4)
  2 ogres (D:4)
  A centaur (D:4)
  A howler monkey (D:4)
  An orc wizard (D:4)
  An iguana (D:4)
  Natasha (thrice) (D:4)
  A worker ant (D:4)
  7 adders
  2 oozes (D:4)
  3 worms
  3 dart slugs
  3 leopard geckos
  6 orcs (D:4)
  6 bats
  5 giant cockroaches
  7 goblins
  6 hobgoblins
  5 jackals
  3 ball pythons
  4 frilled lizards
  A jackal skeleton (D:4)
  5 kobolds
  6 rats
83 creatures vanquished.

Notes
Turn   | Place    | Note
-------+----------+-------------------------------------------
     0 | D:1      | sking99 the Draconian Fire Elementalist began the quest for
                  | the Orb.
     0 | D:1      | Reached XP level 1. HP: 14/14 MP: 3/3
   319 | D:1      | Reached XP level 2. HP: 8/20 MP: 3/5
  1408 | D:2      | Reached XP level 3. HP: 26/26 MP: 2/6
  1537 | D:2      | Learned a level 2 spell: Throw Flame
  1541 | D:2      | Learned a level 3 spell: Conjure Flame
  1586 | D:2      | Found a shattered altar of Ashenzari.
  1595 | D:2      | Became a worshipper of Ashenzari the Shackled
  1661 | D:2      | Found a blossoming altar of Fedhas.
  2154 | D:2      | Reached XP level 4. HP: 33/33 MP: 3/7
  3190 | D:3      | Found a stormy altar of Qazlal.
  3687 | D:4      | Noticed a phantom
  3697 | D:4      | Reached XP level 5. HP: 38/38 MP: 4/9
  4014 | D:4      | Noticed an ogre
  4030 | D:4      | Killed an ogre
  4030 | D:4      | Reached skill level 4 in Fire Magic
  4145 | D:4      | Noticed Natasha
  4151 | D:4      | Killed Natasha
  4151 | D:4      | Reached XP level 6. HP: 45/45 MP: 3/11
  4298 | D:4      | Noticed Menkaure
  4408 | D:4      | Noticed Natasha
  4436 | D:4      | Killed Natasha
  4639 | D:4      | Noticed Natasha
  4688 | D:4      | Killed Natasha
  5318 | D:4      | Killed Menkaure
  5318 | D:4      | Your scales start taking on a glossy black colour.
  5318 | D:4      | Reached XP level 7. HP: 50/50 MP: 0/13
  5318 | D:4      | Gained mutation: You are resistant to electric shocks.
                  | (rElec) [Black Draconian growth]
  5627 | D:4      | Reached skill level 5 in Fire Magic
  5902 | D:5      | Entered Level 5 of the Dungeon
  5931 | D:4      | HP: 2/50 [killer bee (2)]
  5932 | D:4      | Slain by a killer bee

Skill      XL: |  1  2  3  4  5  6  7 |
---------------+----------------------+-----
Stealth        | 2 |  2.0
Dodging        | 2 3 4 |  4.0
Conjurations   | 2 3 4 |  4.0
Spellcasting   | 3 4 |  4.2
Fire Magic     | 4 5 |  5.0

Action                   |  1- 3 |  4- 6 |  7- 9 || total
-------------------------+-------+-------+-------++-------
Melee: Unarmed           |     3 |     2 |       ||     5
       Tailslap          |     1 |     1 |       ||     2
 Cast: Flame Tongue      |    59 |    82 |    11 ||   152
       Throw Flame       |     5 |    27 |     2 ||    34
       Conjure Flame     |       |     4 |       ||     4
Invok: Curse Item        |     1 |       |       ||     1
 Abil: Breathe Lightning |       |       |     3 ||     3
  Use: Scroll            |       |     8 |     1 ||     9
       Potion            |       |       |     3 ||     3
  Eat: Chunk             |     5 |     8 |     2 ||    15
       Ration            |       |     1 |       ||     1
Armor: Skin              |     9 |    15 |    16 ||    40
Dodge: Dodged            |    23 |    25 |    30 ||    78
